 Dungeon Crawl Stone Soup version 0.30.2 (webtiles) character file.

Game seed: 12339998894011203043

166 porpoise the Shooter (level 5, -4/41 HPs)
             Began as a Human Hunter on Jan 28, 2024.
             Slain by an orc priest
             ... wielding a +0 hand axe
              (6 damage)
             ... on level 3 of the Dungeon.
             The game lasted 00:06:24 (1846 turns).

porpoise the Shooter (Human Hunter)                 Turns: 1846, Time: 00:06:25

Health: -4/41      AC:  4    Str: 11    XL:     5   Next: 76%
Magic:  5/5        EV: 12    Int:  9    God:
Gold:   140        SH:  0    Dex: 19    Spells: 4/4 levels left

rFire   . . .        a - +0 shortbow
rCold   . . .        (shield currently unavailable)
rNeg    . . .        c - +0 leather armour
rPois   .            (no helmet)
rElec   .            (no cloak)
rCorr   .            (no gloves)
SInv    .            m - +0 pair of boots
Will    .....        (no amulet)
Stlth   ++           (no ring)
HPRegen 0.26/turn    (no ring)
MPRegen 0.09/turn

%: no passive effects
@: no status effects
A: no striking features
a: no special abilities


You were on level 3 of the Dungeon.
You visited 1 branch of the dungeon, and saw 3 of its levels.

You collected 152 gold pieces.
You spent 12 gold pieces at shops.

Inventory:

Hand Weapons
 a - a +0 shortbow (weapon)
 b - the +8 quarterstaff "Ruahoiry" {venom, Int+4}
   (You found it on level 2 of the Dungeon)

   Int:       It affects your intelligence (+4).
 j - a +8 club
 k - the +8 mace of Gevvocwe {chaos, rC+ Str+4 SInv}
   (You found it on level 3 of the Dungeon)

   Str:       It affects your strength (+4).
   rC:        It protects you from cold.
   SInv:      It lets you see invisible.
Armour
 c - a +0 leather armour (worn)
 m - a +0 pair of boots (worn)
Scrolls
 d - a scroll of teleportation {unknown}
 e - 4 scrolls of identify
 h - a scroll of torment {unknown}
 i - 2 scrolls of fear {unknown}
 l - a scroll of blinking {unknown}
 n - a scroll of immolation
Potions
 f - 3 potions of curing
 g - 3 potions of lignification
 o - a potion of ambrosia {unknown}


   Skills:
 + Level 3.4 Fighting
 * Level 5.8 Ranged Weapons
 - Level 2.0 Dodging
 - Level 1.0 Stealth


You had 4 spell levels left.
You didn't know any spells.
Your spell library was empty.

Dungeon Overview and Level Annotations

Branches:
Dungeon (3/15)

Altars:

Shops:
D:3 !


Message History

The arrow hits the orc priest but does no damage.
The orc priest is moderately wounded.
The orc hits you with a +0 club. The orc barely misses you.
The orc priest calls upon Beogh to heal the orc.
The orc's wounds heal themselves!
You shoot an arrow. The arrow closely misses the orc.
The arrow barely misses the orc priest.
The orc barely misses you.
The orc priest looks encouraged for a moment.
You shoot an arrow. The arrow hits the orc!
You kill the orc!
You shoot an arrow.
The arrow closely misses the orc priest.
The orc priest misses you.
You shoot an arrow.
The arrow closely misses the orc priest.
The orc priest hits you with a +0 hand axe.
The orc priest barely misses you.
You shoot an arrow.
The arrow completely misses the orc priest.
The orc priest completely misses you.
You shoot an arrow. The arrow hits the orc priest.
The orc priest is severely wounded.
The orc priest hits you with a +0 hand axe.
You shoot an arrow.
The arrow hits the orc priest but does no damage.
The orc priest is severely wounded.
The orc priest hits you with a +0 hand axe.
* * * LOW HITPOINT WARNING * * *
You shoot an arrow. The arrow barely misses the orc priest.
The orc priest invokes the aid of Beogh against you.
Pain shoots through your body!
* * * LOW HITPOINT WARNING * * *
The orc priest misses you.
You shoot an arrow. The arrow hits the orc priest.
The orc priest is almost dead.
The orc priest miscasts a cantrip.
You shoot an arrow.
The arrow closely misses the orc priest.
The orc priest hits you with a +0 hand axe.
You die...

####........##....#
###
#........'.....#
#........##....#
#........##....#
####........##....#
...'........##....#
####........##....#
...).............##
################@#
#o# #.........oo...
#.#.....)..>...
#............
#.........###
#####.....# #.....#
#.....#


You could see an orc priest.

Vanquished Creatures
  An orc priest (D:3)
  Jessica (D:2)
  Terence (D:3)
  3 adders
  3 worms
  2 dart slugs
  2 orcs (D:3)
  2 ball pythons
  3 endoplasms
  2 giant cockroaches
  3 goblins (D:2)
  6 hobgoblins (D:2)
  3 jackals (D:2)
  5 bats
  6 frilled lizards
  3 kobolds
  A rat (D:2)
47 creatures vanquished.

Notes
Turn   | Place    | Note
-------+----------+-------------------------------------------
     0 | D:1      | porpoise the Human Hunter began the quest for the Orb.
     0 | D:1      | Reached XP level 1. HP: 16/16 MP: 1/1
   133 | D:1      | Reached XP level 2. HP: 22/22 MP: 2/2
   465 | D:1      | Found a faded altar of an unknown god.
   543 | D:2      | Reached XP level 3. HP: 19/28 MP: 3/3
   731 | D:2      | Noticed Jessica
   736 | D:2      | Killed Jessica
   737 | D:2      | Reached skill level 5 in Ranged Weapons
   737 | D:2      | Reached XP level 4. HP: 34/34 MP: 4/4
  1291 | D:2      | Identified the +8 quarterstaff "Ruahoiry" {venom, Int+4}
  1402 | D:3      | Reached XP level 5. HP: 41/41 MP: 5/5
  1554 | D:3      | Noticed Terence
  1567 | D:3      | Killed Terence
  1727 | D:3      | Found Yghaacs's Distillery.
  1735 | D:3      | Identified the +8 mace of Gevvocwe {chaos, rC+ Str+4 SInv}
  1746 | D:3      | Bought a potion of degeneration for 12 gold pieces
  1844 | D:3      | HP: 2/41 [orc priest/nerve-wracking pain (7)]
  1846 | D:3      | Slain by an orc priest

Illustrated notes

Levels and vault maps discovered:
D:1:      lemuel_arrival_funnel, layout_rooms,
          dilly_ecumenical_altar_fadedgnrine
D:2:      layout_basic, nicolae_figureground_pulse, uniq_jessica
D:3:      layout_basic, serial_shops, shop_fountains, kennysheep_generic_room_9,
          uniq_crazy_yiuf_cottage, uniq_terence, uniq_natasha

Skill      XL: |  1  2  3  4 |
---------------+-------------+-----
Ranged Weapons | 5 |  5.8
Fighting       | 3 |  3.4
Dodging        | |  2.0
Stealth        | |  1.0

Action                     |  1- 3 |  4- 6 || total
---------------------------+-------+-------++-------
  Melee: Quarterstaff      |       |    11 ||    11
   Fire: Shortbow          |    71 |    66 ||   137
    Use: Scroll            |     2 |     1 ||     3
         Potion            |       |     1 ||     1
 Armour: Leather armour    |     8 |     9 ||    17
  Dodge: Dodged            |    21 |    24 ||    45
